 Dungeon Crawl Stone Soup version 0.29.1-1-gd02db6906a (webtiles) character file.

Game seed: 1924612704690724597

97 GeoRichter the Conjurer (level 4, -7/30 HPs)
             Began as a Demonspawn Wanderer on Oct 17, 2022.
             Mangled by a gnoll
             ... wielding a +0 halberd
              (8 damage)
             ... on level 3 of the Dungeon.
             The game lasted 00:04:14 (1999 turns).

GeoRichter the Conjurer (Demonspawn Wanderer)       Turns: 1999, Time: 00:04:15

Health: -7/30      AC:  6    Str: 10    XL:     4   Next: 42%
Magic:  7/7        EV:  9    Int: 17    God:
Gold:   165        SH:  0    Dex: 13    Spells: 6/7 levels left

rFire   . . .      SeeInvis .   e - +2 sling (freeze)
rCold   . . .      Faith    .   (no shield)
rNeg    . . .      Spirit   .   g - +0 ring mail
rPois   +          Reflect  .   (helmet restricted)
rElec   .          Harm     .   (no cloak)
rCorr   .          Rampage  .   d - +0 pair of gloves
Will    .....                   (no boots)
Stlth   +.........              (no amulet)
HPRegen 0.10/turn               k - ring of poison resistance
MPRegen 0.10/turn               q - ring of wizardry

@: no status effects
A: horns 1, powered by pain 1
a: no special abilities


You were on level 3 of the Dungeon.
You visited 1 branch of the dungeon, and saw 3 of its levels.

You collected 165 gold pieces.

Inventory:

Hand Weapons
 e - a +2 sling of freezing (weapon)
   (You found it on level 1 of the Dungeon)
 j - a +2 dagger of venom
   (You took it off a kobold on level 2 of the Dungeon)
 m - the +6 whip of Yredelemnul {vamp, rC+ rCorr Int-5 Dex+4}
   (You found it on level 2 of the Dungeon)

   It occasionally heals its wielder for a portion of the damage dealt when it
   wounds a living foe.
   Int:       It affects your intelligence (-5).
   Dex:       It affects your dexterity (+4).
   rC:        It protects you from cold.
   rCorr:     It protects you from acid and corrosion.
Armour
 d - a +0 pair of gloves (worn)
 g - a +0 ring mail (worn)
   (You found it on level 1 of the Dungeon)
Magical Staves
 l - a staff of poison
   (You found it on level 2 of the Dungeon)
 r - a staff of fire
   (You found it on level 2 of the Dungeon)
Jewellery
 k - a ring of poison resistance (left hand)
   (You found it on level 2 of the Dungeon)
 q - a ring of wizardry (right hand)
   (You found it on level 2 of the Dungeon)
Scrolls
 a - a scroll of torment {unknown}
 b - 2 scrolls of fear
 c - 2 scrolls of identify {unknown}
 f - 2 scrolls of magic mapping {unknown}
 n - a scroll of enchant weapon {unknown}
 t - a scroll of enchant armour {unknown}
Potions
 h - 2 potions of ambrosia {unknown}
 i - a potion of attraction {unknown}
 o - a potion of cancellation {unknown}
 p - a potion of brilliance {unknown}
 s - a potion of curing {@q1}
 u - a potion of flight {unknown}


   Skills:
 - Level 1.0 Armour
 - Level 1.7 Stealth
 + Level 2.2 Spellcasting
 * Level 4.7 Conjurations
 - Level 2.6 Ice Magic


You had 6 spell levels left.
You knew the following spells:

 Your Spells              Type           Power      Damage    Failure   Level
a - Magic Dart            Conj           68%        1d6       2%          1

Your spell library contained the following spells:

 Spells                   Type           Power      Damage    Failure   Level
 Freeze                   Ice            44%        1d6       6%          1
 Foxfire                  Conj/Fire      36%        2x1d5     8%          1
 Shock                    Conj/Air       36%        1d5       8%          1
 Ozocubu's Armour         Ice            11%        N/A       19%         3


Dungeon Overview and Level Annotations

Branches:
Dungeon (3/15) Zot: 15925

Altars:

Shops:
D:1 !


Innate Abilities, Weirdness & Mutations

You have a pair of small horns on your head.
You sometimes gain a little power by taking damage.


Message History

a +0 flail; a gnoll corpse You shoot a sling bullet.
The sling bullet barely misses the hobgoblin.
A gnoll comes into view. It is wielding a +0 spear.
You shoot a sling bullet.
The sling bullet barely misses the hobgoblin.
You shoot a sling bullet.
The sling bullet barely misses the hobgoblin.
You shoot a sling bullet.
The sling bullet closely misses the hobgoblin.
You shoot a sling bullet.
The sling bullet barely misses the hobgoblin.
The sling bullet hits the gnoll.
The sling bullet freezes the gnoll.
The hobgoblin hits you. The hobgoblin barely misses you.
The gnoll hits you from afar with a +0 spear!
You shoot a sling bullet. The sling bullet hits the hobgoblin.
The sling bullet freezes the hobgoblin.
The hobgoblin hits you.
The gnoll hits you from afar with a +0 spear.
You shoot a sling bullet. The sling bullet hits the hobgoblin.
The sling bullet freezes the hobgoblin.
You kill the hobgoblin!
The gnoll closely misses you.
A gnoll comes into view. It is wielding a +0 halberd.
The gnoll hits you but does no damage.
You shoot a sling bullet. The gnoll shouts!
The sling bullet hits the gnoll!
The sling bullet freezes the gnoll.
You kill the gnoll!
You shoot a sling bullet. The sling bullet hits the gnoll!
The sling bullet freezes the gnoll.
You shoot a sling bullet.
The sling bullet closely misses the gnoll.
The gnoll hits you from afar with a +0 halberd!
* * * LOW HITPOINT WARNING * * *
The gnoll hits you from afar with a +0 halberd!
* * * LOW HITPOINT WARNING * * *
You are too injured to fight recklessly!
You are too injured to fight recklessly!
You are too injured to fight recklessly!
Fire: e) +2 sling (freeze)
Aim: a gnoll, wielding a +0 halberd (almost dead, 60% to hit)
You shoot a sling bullet.
The sling bullet closely misses the gnoll.
The gnoll barely misses you.
Fire: e) +2 sling (freeze)
Aim: a gnoll, wielding a +0 halberd (almost dead, 60% to hit)
You shoot a sling bullet.
The sling bullet hits the gnoll but does no damage.
The gnoll hits you from afar with a +0 halberd!
You die...

#........# ##........# .
.........# #.##........#
............#
#....)......#
#.#..g!.....#
#.#..##@######
.....#.......#
#.......####.#
##########.#.......#
...........#.#...#.#
####.#####.#.....#.##.#
..##.#####.####.........
#.......##........######
### ####.##.##.######.##
#..


You could see a gnoll.

Vanquished Creatures
  2 gnolls (D:3)
  3 adders
  6 bats
  3 endoplasms
  4 giant cockroaches
  4 goblins
  4 hobgoblins
  2 jackals (D:1)
  3 quokkas
  7 ball pythons
  2 frilled lizards (D:2)
  5 kobolds
  4 rats
49 creatures vanquished.

Notes
Turn   | Place    | Note
-------+----------+-------------------------------------------
     0 | D:1      | GeoRichter the Demonspawn Wanderer began the quest for the
                  | Orb.
     0 | D:1      | GeoRichter set off with the following items: a +0 dagger, a
                  | scroll of fear, a +0 robe, a +0 pair of gloves; and the
                  | following spells available to memorise: Magic Dart, Freeze,
                  | Foxfire, Shock, Ozocubu's Armour.
     0 | D:1      | Reached XP level 1. HP: 13/13 MP: 2/2
    13 | D:1      | Learned a level 1 spell: Magic Dart
   385 | D:1      | Gained mutation: You sometimes gain a little power by
                  | taking damage. [demonic ancestry]
   385 | D:1      | Reached XP level 2. HP: 19/19 MP: 3/3
   570 | D:1      | Found Nuficato's Distillery.
  1219 | D:2      | Reached XP level 3. HP: 24/24 MP: 5/5
  1263 | D:2      | Identified the +6 whip of Yredelemnul {vamp, rC+ rCorr
                  | Int-5 Dex+4}
  1284 | D:2      | Reached skill level 4 in Conjurations
  1815 | D:3      | Gained mutation: You have a pair of small horns on your
                  | head. [demonic ancestry]
  1815 | D:3      | Reached XP level 4. HP: 25/30 MP: 7/7
  1997 | D:3      | HP: 1/30 [gnoll/+0 halberd (9)]
  1999 | D:3      | Mangled by a gnoll

Illustrated notes

Levels and vault maps discovered:
D:1:      dpeg_arrival_lava_temple_mockup, layout_basic, serial_shops,
          nicolae_diamond_shop, dreamdust_princess_corridor, nrook_uturn,
          serial_bayou_ford_a
D:2:      layout_basic
D:3:      layout_loops_cross, ebering_ecumenical_altar_webs, serial_shops, shop

Skill      XL: |  1  2  3 |
---------------+----------+-----
Conjurations   | 4 |  4.7
Spellcasting   | 2 |  2.2
Armour         | |  1.0
Stealth        | |  1.7
Ice Magic      | |  2.6

Action                   |  1- 3 |  4- 6 || total
-------------------------+-------+-------++-------
Melee: Dagger            |     1 |       ||     1
 Fire: Sling             |   104 |    22 ||   126
 Cast: Magic Dart        |     2 |       ||     2
Armor: Ring mail         |    26 |     1 ||    27
Dodge: Dodged            |    20 |     5 ||    25
